Map: Orbital Shipyard

Players

ILLBdA

  • Race: Protoss Protoss
  • League: Diamond

비비빅 - Winner!

  • Race: Terran Terran
  • League: Diamond

VOD

Have the link to the VOD?

Description

Time

  • Played on: Dec. 14, 2015, 9:41 a.m.
  • Length: 15:38
Show
View Real Time Build Order
Export as new Build Order

ILLBdA Protoss 

Build Orders: Oracle Opening 

Get SALT Encoding   

  12  0:01  Probe (Chrono Boost)  
  13  0:11  Probe (Chrono Boost)  
  14  0:18  Pylon  
  14  0:22  Probe (Chrono Boost)  
  15  0:36  Gateway  
  15  0:39  Assimilator  
  15  0:41  Probe (Chrono Boost)  
  16  0:52  Probe (Chrono Boost)  
  16  0:57  Assimilator  
  17  1:02  Probe (Chrono Boost)  
  18  1:13  Probe (Chrono Boost)  
  19  1:23  Probe (Chrono Boost)  
  19  1:24  Cybernetics Core  
  20  1:34  Probe (Chrono Boost)  
  20  1:37  Pylon  
  21  1:44  Probe (Chrono Boost)  
  22  1:55  Probe (Chrono Boost)  
  23  2:01  Stalker (Chrono Boost)  
  23  2:02  Stargate  
  23  2:03  Warp Gate (Chrono Boost)  
  23  2:06  Probe  
  26  2:13  Pylon  
  26  2:18  Probe  
  27  2:42  Stalker  
  29  2:45  Oracle (Chrono Boost)  
  32  3:00  Gateway x2  
  32  3:17  Fleet Beacon  
  30  3:52  Pylon  
  34  4:02  Tempest (Chrono Boost)  
  34  4:04  Adept  
  36  4:12  Pylon  
  36  4:14  Forge  
  36  4:16  Stalker  
  36  4:17  Stalker  
  44  5:05  Tempest (Chrono Boost)  
  44  5:06  Photon Cannon  
  44  5:14  Nexus  
  44  5:18  Pylon  
  44  5:40  Photon Cannon  
  44  5:42  Tempest (Chrono Boost)  
  48  5:55  Sentry  
  50  6:05  Probe, Photon Cannon  
  50  6:09  Pylon  
  51  6:26  Probe  
  51  6:28  Probe  
  53  6:36  Mothership Core  
  55  6:40  Probe  
  56  7:01  Tempest (Chrono Boost)  
  58  7:11  Probe  
  58  7:12  Probe  
  60  7:27  Probe  
  60  7:28  Probe  
  62  7:32  Photon Cannon  
  62  7:34  Photon Cannon  
  62  7:38  Pylon  
  66  7:46  Phoenix (Chrono Boost)  
  66  7:49  Stargate  
  64  7:52  Zealot x3  
  64  7:53  Probe  
  64  7:54  Probe  
  72  7:59  Assimilator  
  72  8:04  Probe  
  72  8:05  Assimilator  
  72  8:07  Probe  
  72  8:12  Phoenix (Chrono Boost)  
  76  8:15  Probe  
  76  8:17  Twilight Council  
  76  8:19  Probe  
  78  8:24  Zealot x2  
  78  8:25  Probe  
  83  8:31  Probe  
  86  8:36  Phoenix (Chrono Boost)  
  86  8:46  Pylon  
  86  8:53  Phoenix (Chrono Boost)  
  88  8:57  Charge (Chrono Boost)  
  88  9:07  Zealot x2  
  88  9:08  Zealot  
  94  9:10  Probe  
  94  9:27  Gateway  
  94  9:28  Gateway  
  92  9:40  Zealot x2, Protoss Ground Armor Level 1 (Chrono Boost)  
  92  9:41  Zealot  
  98  9:54  Probe  
  98  9:57  Probe  
  98  9:59  Phoenix  
  102  10:00  Templar Archives  
  102  10:04  Pylon  
  102  10:23  Zealot x4  
  102  10:25  Psionic Storm  
  110  10:51  Pylon  
  110  10:52  Pylon  
  110  11:08  Pylon  
  110  11:10  Pylon  
  110  11:14  Nexus, Pylon  
  110  11:15  High Templar x4  
  110  11:18  Zealot  
  120  11:28  Robotics Facility  
  120  11:39  Zealot  
  122  11:43  Probe  
  122  11:46  Probe  
  124  11:49  Zealot x3  
  124  11:52  High Templar  
  132  12:02  Gateway  
  132  12:03  Gateway, High Templar  
  134  12:17  Observer  
  134  12:20  Zealot x3  
  141  12:24  Probe x2  
  141  12:28  Protoss Ground Armor Level 2  
  143  12:36  Probe  
  144  12:40  Observer  
  144  12:43  High Templar  
  147  12:44  Assimilator  
  147  12:51  Assimilator  
  147  12:58  Pylon  
  147  13:03  Oracle  
  150  13:06  Immortal  
  150  13:10  Zealot x3  
  137  13:34  Zealot x4  
  137  13:35  Zealot  
  137  13:37  Phoenix, High Templar  
  151  13:45  Observer  
  150  13:50  Zealot  
  150  13:58  High Templar  
  146  14:07  Observer  
  141  14:18  Tempest  
  133  14:25  Zealot x2  
  133  14:26  Zealot x3  
  133  14:28  Observer  
  133  14:31  Archon x4  
  116  14:41  Zealot x2  
  116  14:42  Phoenix  
  117  14:56  Zealot x2  
  117  15:01  Zealot x3  
  117  15:04  Assimilator  
  127  15:11  Zealot x2  
  118  15:25  Zealot x4  
Show
View Real Time Build Order
Export as new Build Order

비비빅 Terran - Winner!

Build Orders: Reaper Expand, MMM Bio 

Get SALT Encoding   

  12  0:00  SCV  
  13  0:13  SCV  
  14  0:20  Supply Depot  
  14  0:25  SCV  
  15  0:41  SCV  
  16  0:43  Barracks  
  16  0:47  Refinery  
  16  0:53  SCV  
  17  1:05  SCV  
  18  1:17  SCV  
  19  1:30  Reaper  
  19  1:31  Orbital Command  
  20  1:42  Command Center  
  20  1:50  Supply Depot  
  20  1:57  SCV  
  21  2:02  Barracks Reactor  
  21  2:09  Barracks  
  21  2:10  SCV  
  22  2:19  Barracks  
  22  2:22  SCV  
  23  2:28  Bunker  
  23  2:34  SCV  
  24  2:39  Marine  
  24  2:40  Marine  
  26  2:46  SCV  
  27  2:53  Refinery  
  27  2:57  Marine x2  
  27  2:58  SCV, Orbital Command  
  29  3:09  Engineering Bay, Marine  
  29  3:10  Marine  
  31  3:16  SCV  
  32  3:23  Marine x2  
  34  3:32  Marine  
  34  3:33  Marine  
  34  3:41  Marine x2  
  33  3:46  Missile Turret  
  33  3:48  SCV  
  36  3:54  Barracks Tech Lab x2  
  36  4:00  SCV  
  37  4:03  SCV  
  37  4:08  Missile Turret  
  38  4:12  SCV  
  38  4:13  Stimpack  
  38  4:15  SCV  
  38  4:17  Combat Shields  
  40  4:24  Supply Depot, SCV  
  40  4:27  SCV  
  42  4:31  Marauder  
  42  4:36  SCV  
  45  4:39  SCV  
  46  4:52  Supply Depot  
  46  4:59  Marine x2  
  46  5:01  Marine  
  46  5:02  Supply Depot, Marine  
  44  5:08  Factory  
  44  5:17  Marine x2  
  44  5:19  Refinery  
  46  5:24  Marine x2  
  48  5:41  Supply Depot  
  48  5:44  Marine x4  
  48  5:49  Missile Turret  
  52  5:54  SCV  
  53  6:02  Starport, Marine x4  
  57  6:06  SCV  
  57  6:09  Widow Mine  
  60  6:16  SCV  
  60  6:17  Concussive Shells  
  60  6:18  SCV  
  62  6:21  Marine  
  62  6:23  Marine  
  62  6:36  Supply Depot  
  62  6:38  Supply Depot  
  62  6:40  Supply Depot  
  62  6:47  Marine  
  62  6:55  Supply Depot  
  62  6:57  Widow Mine  
  62  6:58  SCV, Medivac, Marine x3  
  68  7:05  Marine  
  69  7:10  SCV  
  70  7:15  Marine x3  
  70  7:16  Starport  
  70  7:22  SCV  
  74  7:23  Marine  
  74  7:28  Medivac  
  79  7:33  Marine x2  
  79  7:34  SCV  
  82  7:39  Supply Depot  
  82  7:40  Supply Depot  
  82  7:41  Factory Reactor  
  82  7:43  Marine x2  
  82  7:46  SCV  
  83  7:51  Marine  
  83  7:52  Marauder  
  83  7:55  Viking  
  88  8:01  Refinery  
  88  8:13  Marauder  
  88  8:16  Barracks Tech Lab  
  90  8:25  Viking  
  90  8:26  Command Center, Viking  
  94  8:36  Marauder x2, Marine  
  99  8:42  Terran Infantry Weapons Level 1  
  89  8:57  Supply Depot  
  89  8:58  Supply Depot x2, Viking x2  
  93  9:08  Factory Reactor  
  93  9:21  Marauder x2, Marine x2  
  99  9:26  Barracks  
  99  9:28  Barracks  
  99  9:31  Medivac x2  
  105  9:48  Engineering Bay  
  105  9:49  Armory  
  105  9:50  Widow Mine x2, Starport Reactor  
  107  9:53  SCV x2  
  107  9:59  Orbital Command  
  109  10:05  SCV x2  
  111  10:10  Viking  
  111  10:11  Viking  
  115  10:17  SCV  
  115  10:18  SCV  
  117  10:26  Terran Infantry Armor Level 1  
  117  10:27  Barracks Reactor  
  117  10:28  Barracks Tech Lab  
  117  10:30  SCV x2, Widow Mine x2  
  123  10:38  Barracks  
  123  10:41  Barracks  
  122  10:55  Medivac x4  
  130  10:57  Terran Ship Weapons Level 1  
  130  10:58  Terran Infantry Weapons Level 2  
  130  11:00  SCV x3  
  133  11:05  Widow Mine x2  
  137  11:12  SCV x3  
  137  11:15  Supply Depot  
  140  11:19  Supply Depot  
  140  11:23  Supply Depot  
  140  11:24  Supply Depot, Marine, Marauder x2  
  145  11:27  Barracks Tech Lab x2  
  145  11:34  Widow Mine x2  
  151  11:40  Marine x3, Marauder  
  151  11:45  SCV, Marauder  
  151  11:46  SCV, Marauder  
  160  11:54  Viking x2  
  166  12:01  Marauder  
  166  12:02  Widow Mine x2  
  166  12:06  Command Center  
  170  12:08  Marine x2  
  170  12:09  Marine, Marauder x2  
  170  12:10  Marine  
  178  12:19  Marauder  
  178  12:22  Marine  
  181  12:43  Supply Depot  
  181  12:48  Supply Depot  
  181  12:52  Supply Depot  
  181  13:05  Marauder x4  
  189  13:09  Marauder, Marine x3  
  189  13:10  Terran Infantry Armor Level 2  
  189  13:12  Terran Ship Weapons Level 2  
  194  13:27  Marauder  
  174  13:35  Marine  
  174  13:36  Marine x3, Marauder x4  
  184  13:47  Marine  
  178  13:53  Marine x2  
  178  13:54  Marine x2  
  174  13:57  Marauder x4  
  178  14:06  Marauder  
  178  14:09  Viking x4  
  179  14:18  Marauder x2  
  179  14:19  Marauder x2  
  179  14:22  Marine x2  
  179  14:23  Marine  
  182  14:27  Marauder  
  166  14:38  Medivac  
  166  14:40  Marauder x3  
  166  14:41  Marauder, Marine x3  
  175  14:48  Barracks  
  175  14:49  Barracks, Marauder  
  175  14:50  Barracks  
  171  15:00  Planetary Fortress  
  171  15:01  Marauder  
  171  15:02  Missile Turret, Marine  
  171  15:03  Marauder x3  
  180  15:11  Marauder  
  180  15:12  Marine  
Tags
 
Add a new tag
Caveats
  • Supply blocks, unpowered buildings, or Contaminate may cause inaccurate times.
  • Supply counts are checked every 10 seconds.